 Dungeon Crawl Stone Soup version 0.29-a0-393-g47a863cc1b (webtiles) character file.

Game seed: 7478183188288372383

167 NinjaNoafa the Ruffian (level 5, -3/53 HPs)
             Began as a Troll Fighter on May 9, 2022.
             Killed by divine providence
             ... invoked by an orc priest
              (11 damage)
             ... on level 3 of the Dungeon.
             The game lasted 00:02:29 (1536 turns).

NinjaNoafa the Ruffian (Troll Fighter)              Turns: 1536, Time: 00:02:29

Health: -3/53      AC:  4    Str: 23 (24) XL:     5   Next: 23%
Magic:  4/4        EV:  8    Int:  1 (4)  God:
Gold:   57         SH:  7    Dex:  9 (11) Spells: 4/4 levels left

rFire   . . .      SeeInvis .     - Unarmed
rCold   . . .      Faith    .   b - +0 kite shield
rNeg    . . .      Spirit   .   a - +0 robe
rPois   .          Reflect  .   (helmet restricted)
rElec   .          Harm     .   (no cloak)
rCorr   .          Rampage  .   (gloves unavailable)
Will    .....                   (boots unavailable)
Stlth   +.........              (no amulet)
HPRegen 0.97/turn               g - ring of flight
MPRegen 0.09/turn               (no ring)

@: flying
A: large, unfitting armour, claws 3, regeneration 1, shaggy fur 1, tough skin 1
a: no special abilities


You were on level 3 of the Dungeon.
You visited 1 branch of the dungeon, and saw 3 of its levels.

You collected 57 gold pieces.

Inventory:

Missiles
 c - 5 poisoned darts (quivered)
 d - 7 boomerangs
Armour
 a - a +0 robe (worn)
 b - a +0 kite shield (worn)
Jewellery
 g - a ring of flight (left claw)
Scrolls
 e - 2 scrolls of identify
 f - 2 scrolls of immolation
 i - 2 scrolls of teleportation {unknown}
 l - 3 scrolls of blinking {unknown}
 m - a scroll of brand weapon {unknown}
Potions
 j - a potion of curing
 k - a potion of flight


   Skills:
 + Level 3.1 Fighting
 + Level 3.0 Dodging
 + Level 3.1 Shields
 * Level 3.7 Unarmed Combat


You had 4 spell levels left.
You didn't know any spells.
Your spell library contained the following spells:

 Spells                   Type           Power      Damage    Failure   Level
 Beastly Appendage        Tmut           0%         N/A       86%         1
 Wereblood                Tmut           0%         N/A       94%         2
 Spider Form              Tmut/Pois      0%         N/A       99%         3


Dungeon Overview and Level Annotations

Branches:
Dungeon (3/15)

Altars:
Hepliaklqana

Shops:
D:3 =*

Annotations:
D:3 1 runed translucent door, bastard's ghost, amateur DjCj


Innate Abilities, Weirdness & Mutations

You are too large for most types of armour.
You have claws for hands.
Your natural rate of healing is unusually fast.
You are covered in fur. (AC +1)
You have tough skin. (AC +1)


Message History

The orc priest is severely wounded.
You feel sick. The orc hits you with a +0 hand axe!
You block the orc priest's attack.
You scratch the orc priest.
The orc priest is almost dead.
You feel sick. The orc closely misses you. The orc priest closely misses you.
You barely miss the orc priest.
The orc priest is almost dead.
You feel sick. The orc hits you with a +0 hand axe.
The orc wizard gestures wildly while chanting.
The orc wizard flickers and vanishes!
Deactivating autopickup; reactivate with Ctrl-A.
The orc priest hits you with a +0 short sword.
It was a potion of curing.
You feel better. The orc hits you with a +0 hand axe.
The orc priest hits you with a +0 short sword.
It was a potion of flight.
You feel more buoyant.
It was a potion of degeneration.
There was something very wrong with that liquid.
You feel weakened.
You feel dopey.
You feel clumsy.
The orc priest calls down the wrath of Beogh upon you.
Pain shoots through your body!
* * * LOW HITPOINT WARNING * * *
The orc priest attacks as you move away!
The orc priest hits you with a +0 short sword.
* * * LOW HITPOINT WARNING * * *
The orc attacks as you move away! The orc hits you with a +0 hand axe.
* * * LOW HITPOINT WARNING * * *
Okay, then.
As you read the scroll labelled LOESUUT FOGG, it crumbles to dust.
It is a scroll of identify.
f - 2 scrolls of immolation You block the orc's attack.
As you read the scroll labelled YXOANI LECRAXE, it crumbles to dust.
You assume a fearsome visage.
The orc looks frightened! x3
It was a scroll of fear.
The orc priest calls down the wrath of Beogh upon you.
Beogh smites you!
You die...

######...# #####..o#
#o.#
........###.o#######
.......†o..........#
.....####..........#
... #.......<..# #
#..........#
#..........#
####@.###.###
###########.........#
#......∩.....†#.###.#
#..(.......#.##.# #.#
##########.#.#..###.#
####....#...###..#
###..........####..#
.#
##.......#..........##
.###
#......###...........#
.....


You could see an orc priest and 3 orcs.

Vanquished Creatures
  A phantom (D:2)
  An iguana (D:3)
  3 adders
  A worm (D:2)
  2 dart slugs
  4 bats
  An endoplasm (D:1)
  A giant cockroach (D:3)
  A hobgoblin (D:1)
  3 jackals (D:2)
  3 kobolds
  A quokka (D:3)
  9 ball pythons
  A frilled lizard (D:1)
  5 rats
37 creatures vanquished.

Notes
Turn   | Place    | Note
-------+----------+-------------------------------------------
     0 | D:1      | NinjaNoafa the Troll Fighter began the quest for the Orb.
     0 | D:1      | Reached XP level 1. HP: 22/22 MP: 0/0
   187 | D:1      | Reached XP level 2. HP: 29/29 MP: 1/1
   433 | D:1      | Found a faded altar of an unknown god.
   901 | D:2      | Noticed a phantom
   914 | D:2      | Killed a phantom
   915 | D:2      | Reached XP level 3. HP: 25/36 MP: 2/2
   915 | D:2      | Reached XP level 4. HP: 31/44 MP: 3/3
   948 | D:2      | Found a hazy altar of Hepliaklqana.
  1361 | D:3      | Found Yxovar's Jewellery Boutique.
  1385 | D:3      | Reached XP level 5. HP: 31/53 MP: 4/4
  1423 | D:3      | Found a runed translucent door.
  1424 | D:3      | Noticed bastard's ghost (amateur DjCj)
  1433 | D:3      | Found Ywnocimi's Assorted Antiques.
  1530 | D:3      | HP: 1/53 [orc/+0 hand axe (6)]
  1536 | D:3      | Killed from afar by an orc priest

Illustrated notes

Levels and vault maps discovered:
D:1:      eino_arrival_tree_alley, layout_basic,
          nicolae_ecumenical_snake_handling
D:2:      layout_rooms, basic_altar
D:3:      minmay_roachtagon, layout_rooms, serial_shops,
          nicolae_shop_competitors_out_of_business,
          nicolae_shop_advertising_works [nicolae_subvault_shop_adworks], shop,
          serial_curves, eino_curves_02, eino_curves_01, eino_curves_01,
          eino_curves_04, gammafunk_ghost_grave, st_stairs_7, item_on_display_a

Skill      XL: |  1  2  3  4 |
---------------+-------------+-----
Unarmed Combat | 3 |  3.7
Fighting       | 3 |  3.1
Shields        | 3 |  3.1
Dodging        | 3 |  3.0

Action                   |  1- 3 |  4- 6 || total
-------------------------+-------+-------++-------
Melee: Unarmed           |    52 |    59 ||   111
Throw: Boomerang         |     3 |       ||     3
  Use: Potion            |     1 |     3 ||     4
       Scroll            |       |     2 ||     2
Armor: Robe              |    16 |    23 ||    39
Dodge: Dodged            |    19 |    27 ||    46
Block: Kite shield       |    18 |    30 ||    48

Table legend: (Time is in decaauts)
 A = Elapsed time spent in this place.
 B = Non-inter-level travel time spent in this place.
 C = Inter-level travel time spent in this place.
 D = Time resting spent in this place.
 E = Time spent auto-exploring this place.
 F = Levels seen in this place.
 G = Mean time per level.
                   A        B        C        D        E       F      G
               +--------+--------+--------+--------+--------+-----+--------+
         Total |   1547 |   1517 |     30 |      0 |   1145 |   3 |  515.7 |
       Dungeon |   1547 |   1517 |     30 |      0 |   1145 |   3 |  515.7 |
               +--------+--------+--------+--------+--------+-----+--------+

Top non-repeatable levels by time:
     D:1: 867 daAuts
     D:2: 495 daAuts
     D:3: 184 daAuts
